 Dungeon Crawl Stone Soup version 0.29.0-11-gd7f09526c8 (webtiles) character file.

Game seed: 12644087642194967983

2198 Iusername the Carver (level 9, -17/77 HPs)
             Began as a Minotaur Fighter on Sept 2, 2022.
             Was an Initiate of Dithmenos.
             Killed from afar by an acid dragon (20 damage)
             ... with a splash of acid
             ... on level 7 of the Dungeon.
             The game lasted 00:13:42 (7994 turns).

Iusername the Carver (Minotaur Fighter)             Turns: 7994, Time: 00:13:42

Health: -17/77     AC: 13    Str: 28    XL:     9   Next: 12%
Magic:  8/8        EV:  6    Int:  7    God:    Dithmenos [......]
Gold:   1657       SH: 10    Dex: 10    Spells: 8/8 levels left

rFire   . . .      SeeInvis .   a - +0 long sword
rCold   . . .      Faith    .   y - +0 kite shield
rNeg    . . .      Spirit   .   l - +1 plate armour
rPois   +          Reflect  .   (helmet restricted)
rElec   .          Harm     .   x - +0 cloak
rCorr   .          Rampage  .   (no gloves)
Will    .....                   k - +0 pair of boots
Stlth   ..........              (no amulet)
HPRegen 0.22/turn               r - ring of flight
MPRegen 0.11/turn               h - ring "Poumnole" {rPois Str+3 Int+2}

@: corroded, flying
A: horns 2, retaliatory headbutt
a: Renounce Religion


You were on level 7 of the Dungeon.
You worshipped Dithmenos.
Dithmenos was noncommittal.
You visited 2 branches of the dungeon, and saw 8 of its levels.

You collected 1657 gold pieces.

Inventory:

Hand Weapons
 a - a +0 long sword (weapon)
Missiles
 n - 3 throwing nets
 o - 7 boomerangs (quivered)
Armour
 k - a +0 pair of boots (worn)
 l - a +1 plate armour (worn)
 x - a +0 cloak (worn)
 y - a +0 kite shield (worn)
Jewellery
 d - a +4 ring of slaying
 e - a ring of positive energy
 h - the ring "Poumnole" (right hand) {rPois Str+3 Int+2}
   (You acquired it on level 5 of the Dungeon)

   [ring of poison resistance]

   Str:       It affects your strength (+3).
   Int:       It affects your intelligence (+2).
   rPois:     It protects you from poison.
 r - a ring of flight (left hand)
 t - a ring of positive energy
Wands
 w - a wand of polymorph (11)
 A - a wand of paralysis (7)
 C - a wand of flame (40)
Scrolls
 b - a scroll of blinking
 c - a scroll of fear
 f - 5 scrolls of teleportation
 u - a scroll of brand weapon {unknown}
 v - 3 scrolls of amnesia {unknown}
 B - a scroll of summoning {unknown}
 F - a scroll of fog {unknown}
Potions
 g - 2 potions of heal wounds
 i - 2 potions of flight
 j - a potion of magic {unknown}
 m - 2 potions of mutation
 p - a potion of haste
 q - 2 potions of brilliance {unknown}
 s - 3 potions of curing
 z - a potion of resistance {unknown}
 D - a potion of ambrosia {unknown}
 E - a potion of cancellation {unknown}


   Skills:
 + Level 6.3 Fighting
 + Level 8.5 Long Blades
 + Level 1.6 Throwing
 + Level 8.1 Armour
 + Level 1.6 Dodging
 + Level 0.5 Stealth
 + Level 7.9 Shields
 + Level 0.6 Unarmed Combat


You had 8 spell levels left.
You didn't know any spells.
Your spell library contained the following spells:

 Spells                   Type           Power      Damage    Failure   Level
 Apportation              Tloc           0%         N/A       100%        1
 Static Discharge         Conj/Air       0%         3-3/arc   100%        2
 Dispel Undead            Necr           0%         3d6       100%        4
 Sticky Flame             Conj/Fire      0%         2d3       100%        4
 Alistair's Intoxication  Tmut/Pois      0%         N/A       100%        5


Dungeon Overview and Level Annotations

Branches:
Dungeon (7/15)             Temple (1/1) D:6

Altars:
Ashenzari
Cheibriados
Dithmenos
Elyvilon
Fedhas
Gozag
Hepliaklqana
Kikubaaqudgha
Makhleb
Okawaru
Qazlal
Ru
Trog
Uskayaw
Vehumet
Xom
Zin
The Shining One


Innate Abilities, Weirdness & Mutations

You have a pair of horns on your head.
You reflexively headbutt those who attack you in melee.


Message History

The acid dragon barely misses you. The shadow completely misses you.
You furiously retaliate!
You headbutt the shadow! You block the shadow's attack.
You hit the deep elf pyromancer. You headbutt the deep elf pyromancer!
The deep elf pyromancer is severely wounded.
The deep elf pyromancer completely misses you.
The acid dragon bites you but does no damage.
You block the acid dragon's attack. You block the shadow's attack.
The shadow hits you.
You closely miss the deep elf pyromancer.
The deep elf pyromancer is severely wounded.
The fire elemental hits you. The fire elemental burns you!
The deep elf pyromancer casts a spell.
An orc comes into view. It is wielding a +0 trident.
The acid dragon bites you but does no damage.
You block the acid dragon's attack. The shadow hits you. x2
The fire elemental hits you. The fire elemental burns you!
You slash the deep elf pyromancer!
The deep elf pyromancer is almost dead.
The deep elf pyromancer hits you but does no damage.
The orc hits you but does no damage.
The shadow slips into darkness.
The shadow flickers and vanishes!
Deactivating autopickup; reactivate with Ctrl-A.
The shadow slips into darkness.
The shadow flickers and vanishes!
The acid dragon spits acid at you. The splash of acid hits you.
* * * LOW HITPOINT WARNING * * *
The acid corrodes you! You block the fire elemental's attack.
The shadow strikes at you from the darkness!
* * * LOW HITPOINT WARNING * * *
Reactivating autopickup.
You block the orc's attack.
The shadow strikes at you from the darkness!
* * * LOW HITPOINT WARNING * * *
The deep elf pyromancer barely misses you.
The acid dragon spits acid at you. The splash of acid hits you!!
You die...

## .+ .##
#######.#
<.####.......#
#............#
.............#
##.#####'#######
+# #.# #....##}c
#.## ##.#
###[..#.D#Wo.#
...# ##..###@W#
...# ##.##Ee##
...+ #.'.E##
...# #.##°.#
...# [..###..#
...# #...# #...
...# ....## #.##
_..#####+### +#
...)....


You could see a deep elf pyromancer, 2 fire elementals, an acid dragon (catching
breath), 2 shadows, a centaur and an orc.

Vanquished Creatures
  Maggie (D:6)
  Grinder (D:3)
  An ice beast (D:6)
  2 ogres (D:4)
  A black bear (D:6)
  A centaur (D:6)
  Blork the orc (D:6)
  A bullfrog (D:6)
  A necrophage (D:4)
  A scorpion (D:6)
  5 wights (D:6)
  3 jellies
  4 orc priests
  A hound (D:5)
  A gnoll bouda (D:5)
  4 iguanas
  Natasha (twice) (D:2)
  An orc wizard (D:3)
  Terence (D:2)
  11 adders
  10 gnolls
  3 white imps
  A worm (D:5)
  4 dart slugs
  19 orcs
  3 ball pythons
  2 endoplasms (D:1)
  A giant cockroach (D:1)
  3 goblins
  3 hobgoblins
  2 jackals (D:4)
  3 quokkas
  5 bats
  6 frilled lizards
  3 kobolds
  A rat (D:2)
113 creatures vanquished.

Notes
Turn   | Place    | Note
-------+----------+-------------------------------------------
     0 | D:1      | Iusername the Minotaur Fighter began the quest for the Orb.
     0 | D:1      | Reached XP level 1. HP: 19/19 MP: 0/0
   262 | D:1      | Found a faded altar of an unknown god.
   273 | D:1      | Reached XP level 2. HP: 21/27 MP: 1/1
  1066 | D:2      | Reached XP level 3. HP: 22/30 MP: 2/2
  1236 | D:2      | Found a radiant altar of Vehumet.
  1424 | D:2      | Noticed Natasha
  1424 | D:2      | Noticed Terence
  1436 | D:2      | Killed Natasha
  1437 | D:2      | Reached XP level 4. HP: 26/40 MP: 3/3
  1442 | D:2      | Killed Terence
  1684 | D:2      | Noticed Natasha
  1691 | D:2      | Killed Natasha
  2055 | D:3      | Reached skill level 5 in Armour
  2055 | D:3      | Reached XP level 5. HP: 37/46 MP: 4/4
  2646 | D:3      | Noticed Grinder
  2647 | D:3      | Paralysed by Grinder for 3 turns
  2664 | D:3      | Paralysed by Grinder for 4 turns
  2678 | D:3      | Killed Grinder
  2679 | D:3      | Reached skill level 5 in Long Blades
  2679 | D:3      | Reached XP level 6. HP: 46/55 MP: 5/5
  3177 | D:4      | Reached skill level 5 in Shields
  3177 | D:4      | Reached XP level 7. HP: 17/60 MP: 6/6
  3397 | D:4      | Reached skill level 5 in Fighting
  4982 | D:5      | Entered Level 5 of the Dungeon
  5037 | D:5      | Reached skill level 1 in Dodging
  5297 | D:5      | HP: 1/62 [gnoll/+0 spear[a gnoll bouda] (6)]
  5300 | D:5      | Reached XP level 8. HP: 26/70 MP: 7/7
  5830 | D:5      | Identified 2 scrolls of acquirement
  5830 | D:5      | Acquired the ring "Poumnole" {rPois Str+3 Int+2}
  5832 | D:5      | Acquired 1141 gold pieces
  5863 | D:5      | Identified the +8 spear of Classification {vorpal, rF+}
  5965 | D:6      | Found a staircase to the Ecumenical Temple.
  5979 | Temple   | Entered the Ecumenical Temple
  6062 | Temple   | Became a worshipper of Dithmenos the Shadowed
  6245 | D:6      | Noticed Maggie
  6256 | D:6      | Killed Maggie
  6317 | D:6      | Noticed Blork the orc
  6335 | D:6      | Reached skill level 1 in Throwing
  6339 | D:6      | Killed Blork the orc
  7160 | D:6      | Reached XP level 9. HP: 17/74 MP: 8/8
  7935 | D:7      | Found an iron altar of Okawaru.
  7987 | D:7      | Noticed a deep elf pyromancer
  7994 | D:7      | HP: 3/77 [something (17)]
  7994 | D:7      | Killed from afar by an acid dragon

Illustrated notes

Levels and vault maps discovered:
D:1:      noname_arrival_rooms_in_the_neighbourhood, layout_basic,
          basic_ecumenical_altar
D:2:      layout_loops_ring, basic_altar, uniq_terence, uniq_natasha
D:3:      layout_loops_ring, minmay_cut_off, uniq_grinder
D:4:      layout_cave_pools, kennysheep_orc_chapel
D:5:      layout_rooms, kennysheep_generic_room_10
D:6:      nicolae_cairo_tiling_very_big, layout_gridville,
          minmay_temple_entry_overgrown, uniq_maggie, uniq_blork_the_orc
D:7:      minmay_the_grid_plus [minmay_the_grid_empty, minmay_the_grid_dragon_a,
          minmay_the_grid_all_tris, minmay_the_grid_garden,
          minmay_the_grid_prize_four_corners_diamond_a], layout_rooms,
          overflow_temple_1_default
Temple:   compressed_dpeg_triangle_lava_temple

Skill      XL: |  1  2  3  4  5  6  7  8  9 |
---------------+----------------------------+-----
Armour         | 4 5 6 7 8 |  8.1
Long Blades    | 3 4 5 6 7 8 |  8.5
Shields        | 4 5 6 7 |  7.9
Fighting       | 4 5 6 |  6.3
Dodging        | 1 |  1.6
Throwing       | 1 |  1.6
Stealth        | |  0.5
Unarmed Combat | |  0.6

Action                   |  1- 3 |  4- 6 |  7- 9 || total
-------------------------+-------+-------+-------++-------
Melee: Long sword        |    69 |   108 |   229 ||   406
       Headbutt          |     6 |    28 |    49 ||    83
       Unarmed           |       |       |     3 ||     3
Throw: Throwing net      |       |     3 |       ||     3
       Boomerang         |       |       |    18 ||    18
  Use: Scroll            |     1 |     1 |     9 ||    11
       Potion            |       |     2 |     3 ||     5
Armor: Scale mail        |     9 |       |       ||     9
       Plate armour      |    43 |    75 |   176 ||   294
Dodge: Dodged            |    21 |    30 |    64 ||   115
Block: Buckler           |    25 |    16 |       ||    41
       Kite shield       |       |    38 |   136 ||   174
